 Dungeon Crawl Stone Soup version 0.31.0-32-g396128a36d (webtiles) character file.

Game seed: 2418664348627735785

12685 Crambunxious the Fighter (level 11, 0/108 HPs)
             Began as a Green Draconian Berserker on Mar 9, 2024.
             Was a High Priest of Trog.
             Slain by an 11-headed hydra (2 damage)
             ... while petrified by a basilisk
             ... on level 1 of the Lair of Beasts.
             The game lasted 00:48:18 (8177 turns).

Crambunxious the Fighter (DrBe)                     Turns: 8177, Time: 00:48:21

Health: 0/108      AC: 11    Str: 27    XL:     11   Next: 65%
Magic:  11/11      EV:  2    Int:  8    God:    Trog [*****.]
Gold:   663        SH:  0    Dex: 17    Spells: 10/10 levels left

rFire   x . .        G - +2 broad axe
rCold   + . .        M - +5 kite shield "Mipp" {rPois}
rNeg    + + +        (body armour unavailable)
rPois   ∞            H - +2 hat of Pandemonium {rN+ Str+4}
rElec   .            e - +1 cloak
rCorr   .            (no gloves)
SInv    .            (no boots)
Will    .....        l - amulet of regeneration
Stlth   ++           s - ring of ice
HPRegen 1.18/turn    y - +6 ring of dexterity
MPRegen 0.12/turn

%: no passive effects
@: petrified, on berserk cooldown, slowed
A: breathe noxious fumes, AC +7, unfitting armour, poison resistance,
cold-blooded
a: Breathe Noxious Fumes, Renounce Religion, Berserk, Trog's Hand, Brothers in
Arms


You were on level 1 of the Lair of Beasts.
You worshipped Trog.
Trog was extremely pleased with you.
You visited 3 branches of the dungeon, and saw 10 of its levels.
You also visited: Bailey.

You collected 663 gold pieces.

Inventory:

Hand Weapons
 a - a +0 hand axe
 n - a +1 hand axe of electrocution
 q - a +0 giant club
 w - a +0 war axe
 C - a +0 sling
 F - a +1 heavy scimitar
 G - a +2 broad axe (weapon)
 T - a +0 club
Missiles
 g - 149 stones
 i - 42 poisoned darts (quivered)
 j - 6 large rocks
 A - 2 curare-tipped darts
Armour
 b - a +0 robe
 e - a +1 cloak (worn)
 E - +0 steam dragon scales
 H - the +2 hat of Pandemonium (worn) {rN+ Str+4}
   (You found it in a bailey)

   Str+4:     It affects your strength (+4).
   rN+:       It protects you from negative energy.
 M - the +5 kite shield "Mipp" (worn) {rPois}
   (You acquired it in a bailey)

   rPois:     It protects you from poison
Magical Staves
 t - a staff of cold
Jewellery
 d - an amulet of the acrobat
 l - an amulet of regeneration (around neck)
 s - a ring of ice (left hand)
 x - the ring of the Mage {Wiz Archmagi}
   (You found it on level 4 of the Dungeon)

   [ring of wizardry]

   Wiz:       It improves your spell success rate.
   Archmagi:  It increases the power of your magical spells.
   Trog disapproves of the use of such an item.
 y - a +6 ring of dexterity (right hand)
Talismans
 k - a serpent talisman
 r - a serpent talisman
Wands
 D - a wand of polymorph (7)
 P - a wand of flame (17)
 S - a wand of mindburst (29)
Scrolls
 c - a scroll of fear
 m - a scroll of amnesia
 o - 6 scrolls of teleportation
 v - a scroll of blinking
 J - a scroll of enchant armour
 N - a scroll of poison
 O - a scroll of torment
 Q - a scroll of vulnerability {unknown}
 U - 2 scrolls of fog
 V - a scroll of enchant weapon {unknown}
 X - 5 scrolls of noise
Potions
 f - 4 potions of curing
 h - 4 potions of attraction
 p - a potion of resistance
 u - 14 potions of degeneration
 z - 3 potions of might
 B - 3 potions of heal wounds
 I - a potion of invisibility {unknown}
 K - 3 potions of brilliance {unknown}
 L - 5 potions of cancellation {unknown}
 R - a potion of berserk rage {unknown}
 W - a potion of haste {unknown}


   Skills:
 + Level 13.9 Fighting
 + Level 12.8 Axes
 - Level 2.6 Dodging
 + Level 6.4 Shields


You had 10 spell levels left.
You didn't know any spells.
Your spell library contained the following spells:

 Spells                   Type           Power      Damage    Failure   Level
 Lesser Beckoning         Tloc           0%         N/A       77%         2
 Gell's Gravitas          Tloc           0%         N/A       94%         3
 Inner Flame              Hex/Fire       0%         N/A       94%         3
 Teleport Other           Tloc           0%         N/A       94%         3
 Flame Wave               Conj/Fire      0%         2d4       100%        4
 Sticky Flame             Fire/Alch      0%         2d4       100%        4


Dungeon Overview and Level Annotations

Branches:
Dungeon (8/15)             Temple (1/1) D:6            Lair (1/5) D:8
 Bailey (visited)

Altars:
Ashenzari
Cheibriados
Dithmenos
Elyvilon
Fedhas
Gozag
Hepliaklqana
Kikubaaqudgha
Makhleb
Nemelex Xobeh
Okawaru
Qazlal
Ru
Sif Muna
Trog
Uskayaw
Vehumet
Wu Jian
Xom
Yredelemnul
Zin
The Shining One


Innate Abilities, Weirdness & Mutations

You can breathe blasts of noxious fumes.
Your lurid green scales are hard. (AC +7)
You cannot fit into any form of body armour.
Your system is resistant to poisons. (rPois)
You are cold-blooded and may be slowed by cold attacks.


Message History

The 11-headed hydra is almost dead.
The basilisk gazes at you.
You are slowing down.
You block the 11-headed hydra's attack. x2; The 11-headed hydra bites you!
You block the 11-headed hydra's attack. The 11-headed hydra bites you!
The 11-headed hydra bites you. The 11-headed hydra bites you!
The 11-headed hydra bites you but does no damage.
The 11-headed hydra bites you!
* * * LOW HITPOINT WARNING * * *
The 11-headed hydra bites you!
* * * LOW HITPOINT WARNING * * *
The 11-headed hydra bites you.
* * * LOW HITPOINT WARNING * * *
The basilisk gazes at you.
Your limbs have turned to stone.
You have turned to stone.
You are no longer berserk.
You feel yourself slow down.
The 11-headed hydra bites you but does no damage. x3
The 11-headed hydra bites you.
* * * LOW HITPOINT WARNING * * *
The 11-headed hydra bites you but does no damage. x4
The 11-headed hydra bites you!
* * * LOW HITPOINT WARNING * * *
The 11-headed hydra bites you but does no damage.
The 11-headed hydra bites you.
* * * LOW HITPOINT WARNING * * *
The 11-headed hydra bites you but does no damage. x2
The 11-headed hydra bites you!
* * * LOW HITPOINT WARNING * * *
The 11-headed hydra bites you.
* * * LOW HITPOINT WARNING * * *
The 11-headed hydra bites you!
* * * LOW HITPOINT WARNING * * *
The 11-headed hydra bites you.
* * * LOW HITPOINT WARNING * * *
The 11-headed hydra bites you but does no damage.
The 11-headed hydra bites you.
* * * LOW HITPOINT WARNING * * *
The 11-headed hydra bites you.
You die...

####..P# #..##..# ###
#...# #..##P.#### #..##
#..###..#P### #...#
#..###......) #..##
####..##........
####.###.###.##........
#.........#.###.......
..###.†#..#.# #..####.
#≈≈@≈##.#.# #.## ##
#≈≈D≈≈≈#...# #.#
#..≈≈S≈≈≈≈##..# #.#
##.S≈≈lYYYl######.#
####..≈≈~~YY[(#......#
#..#.##≈≈≈~~$(#.####.####
#..# ##.##)~#### ##....#
#..# .. ?### #.....# #..#
##.#####.....###


You could see a 11-headed hydra, 2 black mambas, 5 yaks and 2 basilisks.

Vanquished Creatures
  An orc warlord (Bailey)
  2 two-headed ogres
  The ghost of seawaffle the Changeling, a novice TrSh (D:5)
  A torpor snail (Lair:1)
  Maggie (D:7)
  3 cane toads (Lair:1)
  A komodo dragon (Lair:1)
  12 yaks (Lair:1)
  3 wyverns (Lair:1)
  Grum (D:8)
  A basilisk (Lair:1)
  A warg (D:8)
  A steam dragon (D:8)
  5 water moccasins
  Duvessa (D:6)
  3 orc warriors
  3 ice beasts
  3 sky beasts
  6 wolves
  2 ogres
  A phantom (D:7)
  4 kobold brigands
  5 scorpions
  9 bullfrogs
  Dowan (D:6)
  3 electric eels
  A howler monkey (D:4)
  The ghost of Waters the Magician, a weakling DsHW (D:4)
  3 bombardier beetles
  5 hounds
  4 orc priests
  A gnoll bouda (D:5)
  4 iguanas (D:5)
  2 sleepcaps
  6 orc wizards
  A killer bee zombie (D:8)
  8 gnolls
  10 adders
  3 white imps
  3 ufetubi (D:5)
  3 dart slugs
  A ribbon worm (D:2)
  27 orcs
  9 endoplasms
  12 giant cockroaches
  6 goblins
  10 hobgoblins
  2 jackals (D:1)
  33 kobolds
  3 quokkas
  11 ball pythons
  5 bats
  2 frilled lizards
  6 rats
257 creatures vanquished.

Vanquished Creatures (collateral kills)
  Pikel (D:8)
  An orc knight (Bailey)
  3 orc warriors (Bailey)
  A wolf (D:8)
  A centaur zombie (D:8)
  2 orc priests (D:8)
  A sleepcap (D:8)
  2 ogre zombies (D:8)
  A mummy (D:8)
  An orc (Bailey)
  A hobgoblin (Bailey)
  2 kobolds (Bailey)
17 creatures vanquished.

Grand Total: 274 creatures vanquished

Notes
Turn   | Place    | Note
-------+----------+-------------------------------------------
     0 | D:1      | Crambunxious the Draconian Berserker began the quest for
                  | the Orb.
     0 | D:1      | Reached XP level 1. HP: 19/19 MP: 1/1
   243 | D:1      | Reached XP level 2. HP: 26/26 MP: 2/2
   550 | D:1      | Reached skill level 4 in Fighting
   602 | D:1      | Reached XP level 3. HP: 32/33 MP: 3/3
   881 | D:2      | Reached ** piety under Trog
  1196 | D:2      | Reached XP level 4. HP: 41/41 MP: 4/4
  1774 | D:3      | Reached skill level 5 in Fighting
  1816 | D:3      | Reached XP level 5. HP: 48/48 MP: 5/5
  2106 | D:3      | Reached *** piety under Trog
  2659 | D:4      | Reached skill level 5 in Axes
  2732 | D:4      | Reached XP level 6. HP: 51/57 MP: 6/6
  2812 | D:4      | Reached skill level 6 in Fighting
  2986 | D:4      | Found a large runed translucent door.
  2987 | D:4      | Found a large runed translucent door.
  2990 | D:4      | Noticed Waters's ghost (weakling DsHW)
  2999 | D:4      | Killed Waters's ghost
  3000 | D:4      | Your scales start taking on a lurid green colour.
  3000 | D:4      | Reached XP level 7. HP: 58/64 MP: 7/7
  3000 | D:4      | Gained mutation: Your system is resistant to poisons.
                  | (rPois) [Green Draconian growth]
  3317 | D:4      | Found the ring of the Mage {Wiz Archmagi}
  3376 | D:4      | Found a hazy altar of Hepliaklqana.
  3376 | D:4      | Found a stormy altar of Qazlal.
  3385 | D:4      | Found a snail-covered altar of Cheibriados.
  3387 | D:4      | Found a faded altar of an unknown god.
  3392 | D:4      | Found a shimmering altar of Xom.
  3503 | D:4      | Identified the +0 chain mail of Knowledge {rF+ MP+9 Int-4}
  3517 | D:5      | Entered Level 5 of the Dungeon
  3596 | D:5      | Found a shadowy altar of Dithmenos.
  3607 | D:5      | Reached **** piety under Trog
  3669 | D:5      | Found a burning altar of Makhleb.
  3669 | D:5      | Found a sparkling altar of Nemelex Xobeh.
  3700 | D:5      | Reached skill level 7 in Fighting
  3891 | D:5      | Found a runed translucent door.
  3904 | D:5      | Noticed seawaffle's ghost (novice TrSh)
  4062 | D:5      | Killed seawaffle's ghost
  4063 | D:5      | Reached skill level 8 in Fighting
  4063 | D:5      | Reached XP level 8. HP: 44/75 MP: 8/8
  4066 | D:5      | Found a runed translucent door.
  4240 | D:5      | Found a shimmering blue altar of Sif Muna.
  4308 | D:5      | Reached skill level 9 in Fighting
  4627 | D:6      | Noticed Duvessa
  4628 | D:6      | Noticed Dowan
  4645 | D:6      | Killed Duvessa
  4646 | D:6      | Reached XP level 9. HP: 85/85 MP: 9/9
  4651 | D:6      | Killed Dowan
  4699 | D:6      | Found a staircase to the Ecumenical Temple.
  4720 | Temple   | Entered the Ecumenical Temple
  4826 | D:6      | Noticed a +0 falchion
  4826 | D:6      | Noticed a +0 dagger
  4827 | D:6      | Noticed a +0 spear
  4827 | D:6      | Noticed a +0 short sword
  4827 | D:6      | Noticed a +0 dagger
  4828 | D:6      | Noticed a +0 spear
  4828 | D:6      | Noticed a +0 short sword
  4830 | D:6      | Noticed a +0 falchion
  4849 | D:6      | Found a hide-covered altar of Uskayaw.
  4932 | D:6      | Reached skill level 10 in Fighting
  5362 | D:7      | Noticed Maggie
  5370 | D:7      | Killed Maggie
  5399 | D:7      | Noticed a two-headed ogre
  5402 | D:7      | Found a stormy altar of Qazlal.
  5409 | D:7      | Killed a two-headed ogre
  5410 | D:7      | Reached skill level 11 in Fighting
  5410 | D:7      | Reached skill level 10 in Axes
  5438 | D:7      | Found a flagged portal.
  5461 | Bailey   | Entered a bailey
  5472 | Bailey   | Noticed an orc warlord
  5510 | Bailey   | Noticed an orc knight
  5521 | Bailey   | Killed an orc knight
  5525 | Bailey   | Reached XP level 10. HP: 96/96 MP: 10/10
  5528 | Bailey   | Found a runed translucent gate.
  5528 | Bailey   | Found a runed translucent gate.
  5528 | Bailey   | Found a runed translucent gate.
  5630 | Bailey   | Killed an orc warlord
  5631 | Bailey   | Reached skill level 12 in Fighting
  5640 | Bailey   | Identified the +2 hat of Pandemonium {rN+ Str+4}
  5652 | Bailey   | Acquired the +5 kite shield "Mipp" {rPois}
  5913 | D:7      | Reached skill level 1 in Shields
  6560 | D:8      | Noticed Grum
  6582 | D:8      | Killed Grum
  6590 | D:8      | Found a staircase to the Lair.
  7140 | D:8      | Noticed Pikel
  7145 | D:8      | Killed Pikel
  7153 | D:8      | Reached skill level 13 in Fighting
  7357 | D:8      | Noticed a two-headed ogre
  7368 | D:8      | Killed a two-headed ogre
  7369 | D:8      | Reached XP level 11. HP: 107/107 MP: 11/11
  7439 | Lair:1   | Entered Level 1 of the Lair of Beasts
  7524 | Lair:1   | Reached skill level 5 in Shields
  7768 | Lair:1   | Reached ***** piety under Trog
  7848 | Lair:1   | Identified the +1 morningstar "Ynuluuzi" {venom, SInv}
  8165 | Lair:1   | Noticed a five-headed hydra
  8177 | Lair:1   | HP: 4/108 [11-headed hydra (3)]
  8177 | Lair:1   | Slain by an 11-headed hydra

Illustrated notes

Levels and vault maps discovered:
D:1:      moated_graveyard_arrival, layout_basic, minmay_tromino_v4_c
D:2:      layout_loops_cross
D:3:      minmay_chambers_of_twos, layout_loops_corners, serial_glass,
          glass_columns_b, glass_columns_b, glass_columns_b, glass_columns_a,
          glass_columns_a, glass_columns_b, glass_columns_c, glass_columns_b,
          nicolae_twisty_statue_hallways
D:4:      layout_loops_ring, chequers_temple_overflow_minitemple,
          ebering_ghost_disaster_area
D:5:      layout_basic, lemuel_doored_altar, jmf_multi_god_temple,
          mainiacjoe_overflow_alcove_2, ebering_ghost_sewer_f, nicolae_tricolors
D:6:      layout_gridville, nicolae_uskayaw_en_pointe,
          minmay_temple_entry_glassed_door, uniq_duvessa
D:7:      layout_cave_pods, enter_bailey_7, serial_park, serial_park_paths
          [serial_park_minivault_5x5_1], serial_park_square2,
          serial_park_tiny_pond, uniq_maggie
D:8:      layout_basic, erik_lair_orcish_takeover, minmay_mini_ossuary,
          uniq_pikel, uniq_grum
Temple:   dshaligram_water_room_temple
Lair:1:   layout_gridlike, pdpol_lair_cavern_descent, grunt_megastairs_2

Skill      XL: |  1  2  3  4  5  6  7  8  9 10 11 |
---------------+----------------------------------+-----
Fighting       | 4 5 6 8 9 11 13 | 13.9
Axes           | 4 5 6 7 8 10 12 | 12.8
Shields        | 4 6 |  6.4
Dodging        | |  2.6

Action                     |  1- 3 |  4- 6 |  7- 9 | 10-12 || total
---------------------------+-------+-------+-------+-------++-------
  Melee: Hand axe          |    92 |   186 |    10 |       ||   288
         Tailslap          |     8 |    17 |    29 |    37 ||    91
         Punch             |       |     1 |     5 |       ||     6
         War axe           |       |       |   236 |   180 ||   416
         Broad axe         |       |       |       |    74 ||    74
  Throw: Dart              |       |       |       |     1 ||     1
 Invoke: Berserk           |       |     2 |     6 |     7 ||    15
         Brothers in Arms  |       |       |     1 |     3 ||     4
Ability: Breathe Noxious F |       |       |     6 |     2 ||     8
    Use: Scroll            |     6 |     3 |     7 |     4 ||    20
         Potion            |       |       |     1 |       ||     1
   Stab: Sleeping          |       |     1 |     1 |       ||     2
         Confused          |       |       |     1 |     6 ||     7
 Armour: Skin              |    36 |    87 |   173 |   158 ||   454
  Dodge: Dodged            |    65 |   131 |   156 |    71 ||   423
  Block: Kite shield       |       |       |       |   167 ||   167
